 Dungeon Crawl Stone Soup version 0.30.0-29-ga12c61a403 (webtiles) character file.

Game seed: 1643347552300992086

3009 hawla the Frost Mage (level 10, -13/70 HPs)
             Began as a Meteoran Fire Elementalist on June 8, 2023.
             Was an Initiate of Vehumet.
             Engulfed by a fire crab (shapeshifter)'s flame (20 damage)
             ... on level 8 of the Dungeon.
             The game lasted 00:16:36 (2792 turns).

hawla the Frost Mage (Meteoran Fire Elementalist)   Turns: 2792, Time: 00:16:37

Health: -13/70     AC:  5    Str: 11    XL:     10   Next: 31%
Magic:  16/21      EV: 18    Int: 20    God:    Vehumet [......]
Gold:   52         SH:  0    Dex: 15    Spells: 8/22 levels left

rFire   . . .        j - +1 triple sword
rCold   . . .        (shield currently unavailable)
rNeg    . . .        a - +0 robe
rPois   .            (no helmet)
rElec   .            b - +0 cloak
rCorr   .            g - +0 pair of gloves
SInv    .            w - +0 pair of boots
Will    +....        (no amulet)
Stlth   +            c - +5 ring of evasion
HPRegen 0.31/turn    (no ring)
MPRegen 0.17/turn

%: no passive effects
@: about to teleport, glowing
A: sense surroundings 2, otherworldly, glowing, explore regen
a: Renounce Religion


You were on level 8 of the Dungeon.
You worshipped Vehumet.
Vehumet was noncommittal.
You visited 2 branches of the dungeon, and saw 9 of its levels.

You collected 192 gold pieces.
You spent 140 gold pieces at shops.

Inventory:

Hand Weapons
 j - a +1 triple sword (weapon)
Armour
 a - a +0 robe (worn)
 b - a +0 cloak (worn)
 g - a +0 pair of gloves (worn)
 l - an orb of energy
 w - a +0 pair of boots (worn)
Jewellery
 c - a +5 ring of evasion (left hand)
Wands
 f - a wand of flame (3)
 r - a wand of polymorph (8)
Scrolls
 i - 2 scrolls of teleportation
 p - a scroll of magic mapping
Potions
 d - 3 potions of curing
 e - a potion of magic
 h - 2 potions of lignification
 k - 2 potions of brilliance
 n - a potion of flight
 o - 2 potions of degeneration {unknown}
 t - 2 potions of cancellation {unknown}
 v - a potion of haste
 x - a potion of berserk rage
 z - 2 potions of attraction {unknown}


   Skills:
 - Level 0.9 Fighting
 - Level 0.8 Long Blades
 - Level 3.0 Dodging
 - Level 1.4 Stealth
 - Level 6.8 Spellcasting
 - Level 6.2 Conjurations
 - Level 7.1 Fire Magic
 + Level 10.4 Ice Magic


You had 8 spell levels left.
You knew the following spells:

 Your Spells              Type           Power      Damage    Failure   Level
a - Foxfire               Conj/Fire      100%       2x1d9     1%          1
b - Scorch                Fire           70%        2d8       1%          2
c - Flame Wave            Conj/Fire      33%        2d10      6%          4
d - Ozocubu's Refrigerat  Ice            24%        4d12      73%         7

Your spell library contained the following spells:

 Spells                   Type           Power      Damage    Failure   Level
 Frozen Ramparts          Ice            96%        1d15      1%          3
 Ozocubu's Armour         Ice            48%        N/A       1%          3
 Inner Flame              Hex/Fire       21%        N/A       7%          3
 Volatile Blastmotes      Fire/Tloc      42%        2d13      7%          3
 Ice Form                 Ice/Tmut       27%        N/A       11%         4
 Summon Ice Beast         Ice/Summ       27%        N/A       11%         4
 Borgnjor's Revivificati  Necr           3%         N/A       100%        8
 Necromutation            Tmut/Necr      3%         N/A       100%        8
 Death's Door             Necr           3%         N/A       100%        9


Dungeon Overview and Level Annotations

Branches:
Dungeon (8/15) Zot: 2047   Temple (1/1) D:6 Zot: 545
   Lair: D:8-11

Altars:
Fedhas
Gozag
Hepliaklqana
Kikubaaqudgha
Makhleb
Nemelex Xobeh
Sif Muna
Trog
Vehumet
Wu Jian
Xom

Shops:
D:4 *   D:5 =?(


Innate Abilities, Weirdness & Mutations

You passively map the area around you.
You are easily found by Zot.
You glow in the dark.
You regain HP and MP as you explore.


Message History

The centaur wields a +0 shortbow.
The centaur shoots an arrow.
The arrow hits you!
The kobold moves out of view.
A centaur is nearby!
A fire crab and a yak come into view.
Found a ring mail.
The yak bellows!
You hear a bellow! x2
The centaur shoots an arrow.
The arrow hits you!
An ice beast, a kobold brigand and a yak come into view.
The kobold brigand is wielding a +1 short sword of flaming and quivering curare-tipped darts.
Found 22 gold pieces.
The kobold brigand shouts!
The yak bellows!
You hear a shout!
You hear a bellow! x3
The centaur shoots an arrow.
The arrow hits you! The fire crab breathes flames at you.
The blast of flame engulfs you but does no damage.
A yak comes into view.
The ice beast moves out of view.
The yak moves out of view.
You hear a shout!
As you read the scroll of teleportation, it crumbles to dust.
You feel strangely unstable.
You are engulfed in blazing flames.
You hear a shout!
You hear a horrible gurgling sound!
You hear a shout!
The centaur shoots an arrow.
The arrow completely misses you.
Casting: Foxfire (safe; 1% risk of failure)
Confirm with . or Enter, or press ? or * to list all spells.
Flames lash the centaur.
The centaur is severely wounded.
The centaur's fire resistance burns away.
You are engulfed in blazing flames.
* * * LOW HITPOINT WARNING * * *
Something shouts, "Slither away, thou clouted roguish brigand!"
You hear a shout! x3; You hear an angry buzzing noise.
You hear a bellow!
You hear a horrible gurgling sound!
You hear a shout!
You feel much better.
You are engulfed in blazing flames.
* * * LOW HITPOINT WARNING * * *
The kobold shouts!
Casting: Scorch (safe; 1% risk of failure)
Confirm with . or Enter, or press ? or * to list all spells.
Flames lash the fire crab but do no damage.
You are engulfed in blazing flames.
You die...

*,,,,,,,,,* * *,*******,* *
******* *,* *,* * *,,,,,** *,*
*,* **** *,,,,,,********,* *,*
*,,, #..∩,,,,,,,,,,,,* *,* *,**
#..,,,,*###############K*** *,**
#..,,,**#.........c..Y.K,,****,**
#.#****##.######@#....Y,,,,,,,,,,
#.# ##...## #.....#.,,*,,,*,,,
#.# ##.....## ###.t#$#,,,*,*,,,*
#.####....)..# *Y#..,*,,,*,,,*,
.............# ***,.,...,,,,,,,,,
#.####..†....# *,,,..*..,*,,,*,,,
#.#####......#**,*,,#[*.,,*,*,,,*
...^...........,,,,*,..*,,,*,,,*,
.#####.#.###....,,,,,,,,,,,,,,,,,


You could see a fire crab, a yak, an ice beast, a kobold brigand, a centaur
(combustible) and a kobold.

Vanquished Creatures
  A wraith (D:8)
  A wyvern (D:8)
  Duvessa (D:6)
  5 water moccasins
  An ice beast (D:6)
  A black bear (D:6)
  An orc warrior (D:6)
  3 ogres
  A phantom (D:4)
  Blork the orc (D:4)
  4 scorpions
  4 wights (D:6)
  Dowan (D:6)
  A howler monkey (D:5)
  3 jellies
  A quasit (D:8)
  5 orc priests
  A gnoll bouda (D:5)
  A sleepcap (D:6)
  3 iguanas
  Ijyb (D:5)
  Natasha (D:4)
  7 orc wizards
  4 adders
  8 gnolls
  2 shadow imps (D:8)
  8 white imps
  2 dart slugs
  24 orcs
  A bat (D:1)
  2 endoplasms
  4 giant cockroaches
  3 goblins
  3 hobgoblins
  2 quokkas
  A ball python (D:3)
  A frilled lizard (D:3)
  4 kobolds
  3 rats
121 creatures vanquished.

Vanquished Creatures (others)
  187 foxfires
187 creatures vanquished.

Grand Total: 308 creatures vanquished

Notes
Turn   | Place    | Note
-------+----------+-------------------------------------------
     0 | D:1      | hawla the Meteoran Fire Elementalist began the quest for
                  | the Orb.
     0 | D:1      | Reached XP level 1. HP: 14/14 MP: 5/5
    40 | D:1      | Found a faded altar of an unknown god.
   106 | D:2      | Reached XP level 2. HP: 18/20 MP: 1/7
   109 | D:2      | Learned a level 2 spell: Scorch
   124 | D:2      | Reached XP level 3. HP: 23/26 MP: 0/8
   193 | D:3      | Found a blossoming altar of Fedhas.
   226 | D:3      | Reached skill level 5 in Fire Magic
   226 | D:3      | Reached XP level 4. HP: 33/33 MP: 2/10
   241 | D:3      | Learned a level 4 spell: Flame Wave
   303 | D:4      | Noticed a scorpion
   318 | D:4      | Killed a scorpion
   319 | D:4      | Reached XP level 5. HP: 7/38 MP: 1/11
   450 | D:4      | Noticed a phantom
   455 | D:4      | Killed a phantom
   456 | D:4      | Reached skill level 5 in Conjurations
   456 | D:4      | Reached XP level 6. HP: 33/45 MP: 2/12
   547 | D:4      | Noticed Blork the orc
   550 | D:4      | Killed Blork the orc
   598 | D:4      | Reached XP level 7. HP: 50/50 MP: 3/14
   672 | D:4      | Noticed Natasha
   674 | D:4      | Killed Natasha
   694 | D:4      | Reached skill level 5 in Spellcasting
   781 | D:4      | Found Yvvurisu's Lightly-Used Armoury.
   789 | D:4      | Bought a -1 triple sword for 50 gold pieces
   867 | D:4      | Found a faded altar of an unknown god.
   867 | D:4      | Found a hazy altar of Hepliaklqana.
   869 | D:4      | Found a faded altar of an unknown god.
  1056 | D:5      | Entered Level 5 of the Dungeon
  1056 | D:5      | Noticed a water moccasin
  1060 | D:5      | Killed a water moccasin
  1085 | D:5      | Reached XP level 8. HP: 58/58 MP: 6/17
  1086 | D:5      | Found Xyb Juelo's Jewellery Shop.
  1278 | D:5      | Learned a level 7 spell: Ozocubu's Refrigeration
  1308 | D:5      | Reached skill level 1 in Ice Magic
  1318 | D:5      | Reached skill level 2 in Ice Magic
  1431 | D:5      | Noticed Ijyb
  1499 | D:6      | Reached skill level 3 in Ice Magic
  1499 | D:6      | Gained mutation: You passively map the area around you.
                  | [Meteoran growth]
  1499 | D:6      | Reached XP level 9. HP: 61/63 MP: 13/20
  1537 | D:5      | Reached skill level 4 in Ice Magic
  1644 | D:5      | Found Tupsotta's Antique Weapon Emporium.
  1700 | D:5      | Found Buyryi's Magic Scroll Shoppe.
  1752 | D:5      | Killed Ijyb
  1875 | D:6      | Noticed Duvessa
  1881 | D:6      | Noticed Dowan
  1885 | D:6      | Killed Duvessa
  1886 | D:6      | Reached skill level 5 in Ice Magic
  1887 | D:6      | Killed Dowan
  1888 | D:6      | Reached skill level 6 in Ice Magic
  2088 | D:7      | Reached skill level 7 in Ice Magic
  2171 | D:6      | Reached skill level 8 in Ice Magic
  2247 | D:6      | Identified the +7 mace of Conscience {heavy, rN++ Int-3}
  2356 | D:5      | Bought a scroll of enchant weapon for 90 gold pieces
  2430 | D:6      | Found a staircase to the Ecumenical Temple.
  2441 | Temple   | Entered the Ecumenical Temple
  2488 | Temple   | Became a worshipper of Vehumet
  2502 | D:6      | Reached XP level 10. HP: 49/70 MP: 13/21
  2566 | D:6      | Reached skill level 9 in Ice Magic
  2702 | D:8      | Reached skill level 10 in Ice Magic
  2787 | D:8      | Noticed a fire crab
  2792 | D:8      | Engulfed by a fire crab (shapeshifter)'s flame

Illustrated notes

Levels and vault maps discovered:
D:1:      nicolae_arrival_memento_mori, layout_rooms,
          chequers_ecumenical_altar_simple, minivault_23
D:2:      kennysheep_big_flooded_room, layout_basic
D:3:      layout_loops_ring, nicolae_qazlal_general_emergency,
          nicolae_yredelemnul_corpse_copse, nicolae_overflow_crystal_walls,
          dancing_weapons_uskayaw, mainiacjoe_overflow_surrounded_room
D:4:      cheibrodos_helix_gallery, layout_loops_ring,
          nicolae_hepliaklqana_ecumenical_no_more, minmay_shop_damaged,
          kennysheep_generic_room_3, uniq_blork_the_orc, uniq_natasha
D:5:      layout_loops_ring, serial_shops, nicolae_square_shop, shop_statue,
          nicolae_shop_rolled_up, uniq_ijyb
D:6:      layout_rooms, minmay_temple_entry_trees, uniq_duvessa
D:7:      layout_basic
D:8:      cheibrodos_fzero, layout_loops_ring, serial_demonic, serial_demonic_e,
          serial_demonic_c, serial_demonic_c, serial_demonic_b,
          serial_demonic_f, serial_demonic_d, uniq_pikel
Temple:   nicolae_temple_cloud_nine

Skill      XL: |  1  2  3  4  5  6  7  8  9 10 |
---------------+-------------------------------+-----
Spellcasting   | 3 4 5 6 |  6.8
Fire Magic     | 4 5 6 7 |  7.1
Conjurations   | 3 5 6 |  6.2
Dodging        | 3 |  3.0
Ice Magic      | 3 8 10 | 10.4
Fighting       | |  0.9
Long Blades    | |  0.8
Stealth        | |  1.4

Action                     |  1- 3 |  4- 6 |  7- 9 | 10-12 || total
---------------------------+-------+-------+-------+-------++-------
  Melee: Unarmed           |    10 |     2 |    46 |       ||    58
         Triple sword      |       |       |    24 |     3 ||    27
   Cast: Foxfire           |    23 |    29 |    34 |    28 ||   114
         Scorch            |     3 |    14 |    57 |    22 ||    96
         Flame Wave        |       |     1 |    12 |     2 ||    15
    Use: Scroll            |     2 |       |     2 |    14 ||    18
         Potion            |       |     2 |     1 |     1 ||     4
 Armour: Robe              |     4 |     2 |    11 |     4 ||    21
         Skin              |       |       |     2 |       ||     2
  Dodge: Dodged            |    11 |    12 |    84 |    11 ||   118
